 Dungeon Crawl Stone Soup version 0.20.1-1-g8b1a95d (webtiles) character file.

683 Gargoyl the Chopper (level 7, -9/61 HPs)
             Began as a Minotaur Abyssal Knight on July 25, 2017.
             Was a Priest of Lugonu.
             Mangled by an ogre
             ... wielding a +0 giant spiked club
              (15 damage)
             ... on level 5 of the Dungeon.
             The game lasted 00:08:56 (4745 turns).

Gargoyl the Chopper (Minotaur Abyssal Knight)       Turns: 4745, Time: 00:08:57

Health: -9/61      AC: 12    Str: 17      XL:     7   Next: 35%
Magic:  8/8        EV:  8    Int:  9      God:    Lugonu [***...]
Gold:   264        SH:  0    Dex: 12 (13) Spells: 6/6 levels left

rFire    . . .     SeeInvis .   a - +1 hand axe
rCold    . . .     Gourm    .   (no shield)
rNeg     . . .     Faith    .   d - +0 chain mail
rPois    .         Spirit   .   (helmet restricted)
rElec    .         Reflect  .   e - +0 cloak
rCorr    .         Harm     .   (no gloves)
MR       .....                  i - +0 pair of boots
Stlth    ..........             (no amulet)
Regen    0.2/turn               (no ring)
MPRegen  0.2/turn               (no ring)

@: no status effects
A: retaliatory headbutt, horns 2, agile 1, deterioration 1, mutation resistance
1
a: Depart the Abyss, Bend Space, Banish, Renounce Religion


You were on level 5 of the Dungeon.
You worshipped Lugonu.
Lugonu was most pleased with you.
You were not hungry.

You visited 1 branch of the dungeon, and saw 5 of its levels.
You visited the Abyss 1 time.

You collected 264 gold pieces.

Inventory:

Hand Weapons
 a - a +1 hand axe (weapon)
Missiles
 f - 4 tomahawks (quivered)
Armour
 d - a +0 chain mail (worn)
 e - a +0 cloak (worn)
 i - a +0 pair of boots (worn)
Scrolls
 k - 3 scrolls of identify
 l - a scroll of remove curse
 o - a scroll of teleportation
 r - a scroll of fear
Potions
 n - 2 potions of mutation
Books
 j - a book of Minor Magic

   Spells                             Type                      Level
   a - Magic Dart                     Conjuration                  1
   b - Blink                          Translocation                2
   c - Call Imp                       Summoning                    2
   d - Slow                           Hexes                        2
   e - Conjure Flame                  Conjuration/Fire             3
   f - Mephitic Cloud                 Conjuration/Poison/Air       3
Comestibles
 b - 3 meat rations
 c - 4 bread rations
 h - 7 fruits
 p - a chunk of flesh
 q - 2 royal jellies


   Skills:
 + Level 5.1 Fighting
 + Level 6.0 Axes
 * Level 5.7 Armour
 + Level 2.1 Dodging
 * Level 3.7 Invocations


You had 6 spell levels left.
You didn't know any spells.

Dungeon Overview and Level Annotations

Branches:
Dungeon (5/15)             Temple (0/1) D:5

Altars:

Annotations:
D:5 Grinder


Innate Abilities, Weirdness & Mutations

You reflexively headbutt those who attack you in melee.
You have a pair of horns on your head.
You are agile. (Dex +2)
Your body sometimes deteriorates upon taking damage.
You are somewhat resistant to further mutation.


Message History

Aim: an ogre, wielding a giant spiked club (lightly wounded, chance to defeat MR: 82%)
You fail to use your ability.
The centaur zombie hits you.
Press: ? - help, Shift-Dir - straight line, f/p - ogre
Aim: an ogre, wielding a giant spiked club (lightly wounded, chance to defeat MR: 82%)
You fail to use your ability.
The ogre hits you with a giant spiked club!
* * * LOW HITPOINT WARNING * * *
The centaur zombie closely misses you.
Press: ? - help, Shift-Dir - straight line, f/p - ogre
Aim: an ogre, wielding a giant spiked club (lightly wounded, chance to defeat MR: 82%)
You fail to use your ability.
The centaur zombie closely misses you. The ogre closely misses you.
You furiously retaliate!
You headbutt the ogre, but do no damage.
It was a potion of mutation.
You feel extremely strange.
You feel yourself wasting away.
You feel genetically stable.
You feel agile. The centaur zombie barely misses you.
The centaur zombie hits you but does no damage.
It was a potion of cancellation.
You feel magically purged.
The ogre hits you with a giant spiked club!
You die...

#.#######.#
#.......#.# #..
########.#.# #.(
.......#.#.# #..
######.#.#.# #..
#.#<#.# 5.
#.###.######S#
#.#........ZO#
######.#.#.#####@#####
.............>.......#
######.#########.###.#
#...........# #.#
############# #.# #.#
#.# #.# #.#


You could see Grinder, an ogre, an adder and a centaur zombie.

Vanquished Creatures
  A scorpion (D:5)
  A gnoll shaman (D:5)
  A jelly (D:5)
  5 orc priests
  5 orc wizards
  Natasha (twice) (D:4)
  A hound skeleton (D:5)
  Robin (D:3)
  3 gnolls (D:5)
  4 adders
  A shadow imp (D:5)
  4 oozes
  3 worms
  3 dart slugs (D:1)
  3 leopard geckos
  9 orcs
  6 bats
  3 giant cockroaches
  8 hobgoblins
  20 jackals
  5 kobolds
  4 quokkas
  7 frilled lizards
  19 goblins
  3 rats
  A fungus (D:4)
123 creatures vanquished.

Vanquished Creatures (others)
  A fungus (D:4)
1 creature vanquished.

Grand Total: 124 creatures vanquished

Notes
Turn   | Place    | Note
-------+----------+-------------------------------------------
     0 | Abyss:1  | Gargoyl the Minotaur Abyssal Knight began the quest for the Orb.
     0 | Abyss:1  | Reached XP level 1. HP: 19/19 MP: 1/1
    21 | Abyss:2  | Noticed a hellwing
    21 | Abyss:2  | Noticed a smoke demon
    55 | Abyss:2  | Noticed a small abomination
    58 | D:1      | Escaped the Abyss
   528 | D:1      | Reached XP level 2. HP: 26/27 MP: 2/2
   708 | D:1      | Reached * piety under Lugonu
   748 | D:1      | Reached XP level 3. HP: 20/33 MP: 3/3
  1355 | D:2      | Reached skill level 3 in Axes
  1431 | D:2      | Reached ** piety under Lugonu
  1431 | D:2      | Reached XP level 4. HP: 40/41 MP: 4/4
  1967 | D:3      | Noticed Robin
  1979 | D:3      | Reached XP level 5. HP: 39/47 MP: 5/5
  1980 | D:3      | Reached *** piety under Lugonu
  1982 | D:3      | Killed Robin
  1982 | D:3      | Reached skill level 4 in Axes
  2534 | D:3      | Reached skill level 5 in Axes
  2668 | D:3      | Reached XP level 6. HP: 51/55 MP: 7/7
  3130 | D:4      | Noticed Natasha
  3143 | D:4      | Killed Natasha
  3215 | D:4      | Noticed Natasha
  3221 | D:4      | Killed Natasha
  3448 | D:5      | Entered Level 5 of the Dungeon
  3613 | D:5      | Found a staircase to the Ecumenical Temple.
  3617 | D:5      | Reached skill level 5 in Fighting
  3901 | D:5      | Reached skill level 5 in Armour
  4197 | D:5      | Reached XP level 7. HP: 27/61 MP: 8/8
  4575 | D:5      | Reached skill level 6 in Axes
  4730 | D:5      | Noticed Grinder
  4730 | D:5      | Paralysed by Grinder for 6 turns
  4744 | D:5      | Gained mutation: Your body sometimes deteriorates upon taking damage. [potion of mutation]
  4744 | D:5      | Gained mutation: You are somewhat resistant to further mutation. [potion of mutation]
  4744 | D:5      | Gained mutation: You are agile. (Dex +2) [potion of mutation]
  4745 | D:5      | Mangled by an ogre

Skill      XL: |  1  2  3  4  5  6  7 |
---------------+----------------------+-----
Armour         | 3 4 5 |  5.7
Fighting       | 4 5 |  5.1
Invocations    | 2 3 |  3.7
Axes           | 3 5 6 |  6.0
Dodging        | 2 |  2.1

Action                   |  1- 3 |  4- 6 |  7- 9 || total
-------------------------+-------+-------+-------++-------
Melee: Hand axe          |    98 |   203 |    46 ||   347
       Headbutt          |    12 |    22 |     7 ||    41
Invok: Depart the Abyss  |     1 |       |       ||     1
  Use: Scroll            |     2 |     6 |       ||     8
       Potion            |       |     5 |     3 ||     8
  Eat: Chunk             |     2 |     9 |     2 ||    13
Armor: Chain mail        |    70 |   182 |    48 ||   300
       Skin              |       |    22 |       ||    22
Dodge: Dodged            |    37 |   103 |    15 ||   155
